cohdb
Replays
Latest Replays
All Replays
Popular Replays
Top Player Replays
Match Explorer
How It Works
Community
CoH3 Stats
Reddit
Sign in to upload your games and track your stats! →
Sign in with Steam
Match 38789941
Unlisted
Match 38789941
Overview
Messages
Build Orders
End
Construct Barracks
Engineer Squad
Riflemen Squad
Riflemen Squad
Grenade Package
Construct Weapon Support Center
M1919 Machine Gun Team
Bazooka Squad
Mechanized Support Center
M16 Multiple Gun Motor Carriage
Construct Medical Station
Riflemen Squad
Bazooka Squad
XuZhongwei
( _ )
0
0
Comments
sign in to comment!
No comments posted yet!